 Dungeon Crawl Stone Soup version 0.30-a0-457-g4b7bca3bfa (webtiles) character file.

Game seed: 6177808449735994353

42 cforsyth the Trooper (level 3, 0/49 HPs)
             Began as a Minotaur Berserker on Dec 13, 2022.
             Was a Follower of Trog.
             Slain by Terence
             ... wielding a +0 falchion
              (3 damage)
             ... on level 2 of the Dungeon.
             The game lasted 00:01:20 (1211 turns).

cforsyth the Trooper (Minotaur Berserker)           Turns: 1211, Time: 00:01:21

Health: 0/49       AC:  2    Str: 23    XL:     3   Next: 35%
Magic:  2/2        EV: 12    Int:  4    God:    Trog [*.....]
Gold:   58         SH:  0    Dex:  9    Spells: 2/2 levels left

rFire   . . .      SeeInvis .    a - +0 hand axe
rCold   . . .      Faith    .    (no shield)
rNeg    . . .      Spirit   .    b - +0 animal skin
rPois   .          Reflect  .    (helmet restricted)
rElec   .          Harm     .    (no cloak)
rCorr   .          Rampage  .    (no gloves)
Will    .....                    (no boots)
Stlth   ..........               (no amulet)
HPRegen 0.28/turn                (no ring)
MPRegen 0.08/turn                (no ring)

@: berserking, very quick
A: horns 2, retaliatory headbutt
a: Renounce Religion, Berserk


You were on level 2 of the Dungeon.
You worshipped Trog.
Trog was aware of your devotion.
You visited 1 branch of the dungeon, and saw 2 of its levels.

You collected 58 gold pieces.

Inventory:

Hand Weapons
 a - a +0 hand axe (weapon)
Armour
 b - a +0 animal skin (worn)
Scrolls
 c - a scroll of brand weapon {unknown}
 d - a scroll of teleportation {unknown}
 f - a scroll of vulnerability {unknown}
 g - a scroll of poison {unknown}
 h - a scroll of identify {unknown}
 i - a scroll of enchant weapon {unknown}
Potions
 e - 2 potions of curing {unknown}


   Skills:
 + Level 4.1 Fighting
 + Level 4.1 Axes
 + Level 3.1 Armour
 + Level 2.8 Dodging


You had 2 spell levels left.
You didn't know any spells.
Your spell library was empty.

Dungeon Overview and Level Annotations

Branches:
Dungeon (2/15)

Altars:

Annotations:
D:2 Terence


Innate Abilities, Weirdness & Mutations

You have a pair of horns on your head.
You reflexively headbutt those who attack you in melee.


Message History

You kill the gnoll!
Trog accepts your kill. The gnoll hits you with a +0 club.
* * * LOW HITPOINT WARNING * * *
Terence looks scornfully at you.
Your Fighting skill increases to level 4!
Your Armour skill increases to level 3!
You have reached level 3!
Your experience leads to an increase in your attributes!
Increase (S)trength, (I)ntelligence, or (D)exterity?
You feel stronger. x2
Unknown command.
A red film seems to cover your vision as you go berserk!
You feel yourself moving faster!
You feel mighty! The gnoll hits you with a +0 club.
* * * LOW HITPOINT WARNING * * *
You completely miss the gnoll. You barely miss the gnoll.
The gnoll hits you with a +0 club.
* * * LOW HITPOINT WARNING * * *
You slash the gnoll!
The gnoll is severely wounded.
The gnoll closely misses you.
You barely miss the gnoll.
The gnoll is severely wounded.
The gnoll closely misses you. Terence says, "How do you enjoy it?"
You closely miss the gnoll.
The gnoll is severely wounded.
You barely miss the gnoll.
The gnoll is severely wounded.
The gnoll hits you with a +0 club.
* * * LOW HITPOINT WARNING * * *
You slash the gnoll!
You kill the gnoll!
Trog accepts your kill.
Terence screams, "I'm going to kill you!"
You barely miss Terence. Your headbutt misses Terence.
Terence says, "Did you write a will?
You should..."
Terence hits you with a +0 falchion.
You die...

#.# #.# #.# #.#
. #.# ### . ..#
#. #.# #.
##.####.#######
##.
#.wg@@.........
# ..
#..g###.######
#.#. #. ##.
###.# #.#..#. #
#...# ..
....... #.###
.# #.# .#. #.#
#.# #.##.#. #.#
#.# #.##.#. #.#
#.#####..#.##
#.#
#.##.......##


You could see Terence, 2 gnolls and a dart slug.

Vanquished Creatures
  2 gnolls (D:2)
  4 ball pythons
  2 bats
  3 endoplasms (D:1)
  A giant cockroach (D:1)
  3 goblins
  2 hobgoblins (D:1)
  A quokka (D:1)
  2 kobolds (D:2)
  A rat (D:1)
21 creatures vanquished.

Vanquished Creatures (others)
  2 plants (D:1)
2 creatures vanquished.

Grand Total: 23 creatures vanquished

Notes
Turn   | Place    | Note
-------+----------+-------------------------------------------
     0 | D:1      | cforsyth the Minotaur Berserker began the quest for the
                  | Orb.
     0 | D:1      | Reached XP level 1. HP: 19/19 MP: 0/0
   408 | D:1      | Reached XP level 2. HP: 27/27 MP: 1/1
   604 | D:1      | Found a faded altar of an unknown god.
  1191 | D:2      | Noticed Terence
  1203 | D:2      | Reached XP level 3. HP: 6/33 MP: 2/2
  1209 | D:2      | HP: 2/49 [gnoll/+0 club (1)]
  1211 | D:2      | Slain by Terence

Illustrated notes

Levels and vault maps discovered:
D:1:      dpeg_arrival_radiant, layout_basic, serial_bayou, serial_bayou_pond_d,
          serial_bayou_lagoon_a, serial_bayou_shore_a, serial_bayou_lagoon_b,
          serial_bayou_ford_a, chequers_ecumenical_altar_island
D:2:      minmay_spotlight, layout_loops_ring,
          wander_ebering_terrifying_dragon_lair, uniq_terence, uniq_natasha

Skill      XL: |  1  2 |
---------------+-------+-----
Axes           | 4 |  4.1
Fighting       | 4 |  4.1
Armour         | 3 |  3.1
Dodging        | |  2.8

Action                   || total
-------------------------++-------
Melee: Hand axe          ||    47
       Headbutt          ||     6
Invok: Berserk           ||     1
Armor: Animal skin       ||     5
Dodge: Dodged            ||    18

Table legend: (Time is in decaauts)
 A = Elapsed time spent in this place.
 B = Non-inter-level travel time spent in this place.
 C = Inter-level travel time spent in this place.
 D = Time resting spent in this place.
 E = Time spent auto-exploring this place.
 F = Levels seen in this place.
 G = Mean time per level.
                   A        B        C        D        E       F      G
               +--------+--------+--------+--------+--------+-----+--------+
         Total |   1273 |   1249 |     24 |      0 |   1066 |   2 |  636.5 |
       Dungeon |   1273 |   1249 |     24 |      0 |   1066 |   2 |  636.5 |
               +--------+--------+--------+--------+--------+-----+--------+

Top non-repeatable levels by time:
     D:1: 1051 daAuts
     D:2: 222 daAuts
